 Dungeon Crawl Stone Soup version 0.20-a0-700-gbd4582c (webtiles) character file.

213 esteth the Changer (level 5, 0/29 HPs)
             Began as a Tengu Transmuter on Feb 20, 2017.
             Slain by a jackal (3 damage)
             ... in the Ecumenical Temple.
             The game lasted 00:09:30 (4143 turns).

esteth the Changer (Tengu Transmuter)               Turns: 4143, Time: 00:09:31

Health: 0/29       AC:  3    Str:  6 (8)  XL:     5   Next: 90%
Magic:  6/9        EV: 12    Int: 14 (15) God:
Gold:   158        SH:  0    Dex: 12 (14) Spells: 4/8 levels left

rFire    . . .     SeeInvis .     - Unarmed
rCold    . . .     Gourm    .   b - +1 robe
rNeg     . . .     Faith    .   (no shield)
rPois    .         Spirit   .   (helmet restricted)
rElec    +         Reflect  .   (no cloak)
rCorr    .         Harm     .   (no gloves)
MR       .....                  (boots unavailable)
Stlth    +.........             (no amulet)
Regen    0.1/turn               (no ring)
MPRegen  0.2/turn               (no ring)

@: lethally poisoned (0 -> -27), very slightly contaminated
A: beak, talons 3, electricity resistance, weak 1, able to fly 1
a: Fly


You were in the Ecumenical Temple.
You were not hungry.

You visited 2 branches of the dungeon, and saw 5 of its levels.

You collected 158 gold pieces.

Inventory:

Missiles
 a - 50 arrows
Armour
 b - a +1 robe (worn)
 e - a +0 leather armour
Jewellery
 k - an uncursed ring of ice {unknown}
 l - a +3 amulet of reflection {unknown}
 v - a cursed amulet of inaccuracy {unknown}
Wands
 s - a wand of flame (46/48)
Scrolls
 j - 2 scrolls of teleportation
 m - 2 scrolls of amnesia
Books
 c - a book of Changes

   Spells                             Type                      Level
   a - Beastly Appendage              Transmutation                1
   b - Sticks to Snakes               Transmutation                2
   c - Spider Form                    Transmutation/Poison         3
   d - Ice Form                       Ice/Transmutation            4
   e - Blade Hands                    Transmutation                5
Comestibles
 d - 2 bread rations
 f - a royal jelly
 g - a chunk of flesh
 r - a fruit


   Skills:
 - Level 1.0 Fighting
 - Level 2.1 Dodging
 - Level 3.2 Unarmed Combat
 - Level 2.0 Spellcasting
 + Level 4.9 Transmutations


You had 4 spell levels left.
You knew the following spells:

 Your Spells              Type           Power        Failure   Level  Hunger
a - Beastly Appendage     Tmut           ###...       3%          1    ##.....
b - Spider Form           Tmut/Pois      #.........   30%         3    ####...


Dungeon Overview and Level Annotations

Branches:
Dungeon (4/15)             Temple (1/1) D:4

Altars:
Gozag
Qazlal
Trog


Innate Abilities, Weirdness & Mutations

You have a beak for a mouth.
You have claws for feet.
You can fly.
You are resistant to electric shocks. (rElec)
You are weak. (Str -2)


Message History

Your +0 robe glows green for a moment.
* * * LOW HITPOINT WARNING * * *
You feel sick. The adder barely misses you. The jackal barely misses you.
The jackal bites you but does no damage.
The adder barely misses you.
Casting: Beastly Appendage
Confirm with . or Enter, or press ? or * to list all spells.
Okay, then.
Casting: Beastly Appendage
Confirm with . or Enter, or press ? or * to list all spells.
You miscast Spider Form.
You are very lightly contaminated with residual magic.
You are more poisoned.
You feel sick.
* * * LOW HITPOINT WARNING * * *
You feel sick.
The jackal closely misses you. x2; The adder bites you.
* * * LOW HITPOINT WARNING * * *
You are more poisoned.
The adder poisons you! The jackal bites you.
You die...

#..#
#..#
....##
##....
......#
#......
.....
....._.
....
.....
#..#...
#...#
##@##
##Shh##
#..<..#
##...##
##.##
... .#.
.. ..
.. ..


You could see an adder and 2 jackals.

Vanquished Creatures
  A killer bee (D:3)
  Jessica (D:3)
  A gnoll (D:3)
  6 adders
  A worm (D:3)
  2 dart slugs
  3 leopard geckos
  An orc (D:3)
  3 giant cockroaches (D:3)
  7 goblins
  5 hobgoblins
  6 jackals
  8 kobolds
  A quokka (D:2)
  6 bats
  8 frilled lizards
  13 rats
73 creatures vanquished.

Vanquished Creatures (others)
  An orc (D:4)
  A quokka (D:4)
2 creatures vanquished.

Grand Total: 75 creatures vanquished

Notes
Turn   | Place    | Note
-------+----------+-------------------------------------------
     0 | D:1      | esteth the Tengu Transmuter began the quest for the Orb.
     0 | D:1      | Reached XP level 1. HP: 12/12 MP: 4/4
   180 | D:1      | Reached skill level 2 in Transmutations
   185 | D:1      | Reached XP level 2. HP: 12/16 MP: 6/6
   784 | D:1      | Reached XP level 3. HP: 20/20 MP: 7/7
   863 | D:2      | Learned a level 3 spell: Spider Form
   872 | D:2      | Found a stormy altar of Qazlal.
   908 | D:2      | Reached skill level 3 in Transmutations
  1532 | D:2      | Reached XP level 4. HP: 25/25 MP: 8/8
  1979 | D:2      | Found a bloodstained altar of Trog.
  2239 | D:3      | Reached skill level 4 in Transmutations
  2239 | D:3      | Gained mutation: You can fly. [Tengu growth]
  2239 | D:3      | Reached XP level 5. HP: 13/29 MP: 7/9
  2518 | D:3      | Noticed Jessica
  2541 | D:3      | Killed Jessica
  3937 | D:3      | Gained mutation: You are weak. (Str -2) [potion of mutation]
  3937 | D:3      | Gained mutation: You are resistant to electric shocks. (rElec) [potion of mutation]
  4126 | D:4      | Found a staircase to the Ecumenical Temple.
  4139 | Temple   | Entered the Ecumenical Temple
  4143 | Temple   | Slain by a jackal

Vault maps used:
D:1:      onia_arrival_larder, due_unseen_surprise
D:2:      grunt_qazlal_clouds, lightli_temple_of_fire, first_bread, minivault_26
D:3:      serial_bayou_pond_b, nrook_mini_backslash, uniq_jessica
D:4:      elyvilon_altar_4, temple_fountains
Temple:   eino_temple_scatter_basement

Skill      XL: |  1  2  3  4 |
---------------+-------------+-----
Transmutations | 2 3 4 |  4.9
Fighting       | |  1.0
Dodging        | |  2.1
Unarmed Combat | |  3.2
Spellcasting   | |  2.0

Action                   |  1- 3 |  4- 6 || total
-------------------------+-------+-------++-------
Melee: Unarmed           |   100 |   146 ||   246
       Kick              |    23 |    23 ||    46
       Peck              |    16 |    21 ||    37
       Headbutt          |       |    10 ||    10
 Cast: Beastly Appendage |     1 |     7 ||     8
  Use: Scroll            |     3 |     5 ||     8
       Potion            |       |     7 ||     7
 Stab: Distracted        |       |     1 ||     1
  Eat: Chunk             |     2 |     6 ||     8
       Bread ration      |       |     1 ||     1
Armor: Leather armour    |    23 |    20 ||    43
       Robe              |       |    12 ||    12
       Skin              |       |     4 ||     4
Dodge: Dodged            |    65 |   106 ||   171
